 Dungeon Crawl Stone Soup version 0.29.0-11-gd7f09526c8 (webtiles) character file.

Game seed: 1198587737109427056

29991 leavemydog the Eclecticist (level 13, -10/108 HPs)
             Began as a Deep Elf Conjurer on Sept 6, 2022.
             Was an Elder of Vehumet.
             Mangled by a white ugly thing (27 damage)
             ... on level 14 of the Dungeon.
             The game lasted 00:47:38 (19728 turns).

leavemydog the Eclecticist (Deep Elf Conjurer)     Turns: 19728, Time: 00:47:39

Health: -10/108    AC:  8    Str:  4    XL:     13   Next: 18%
Magic:  2/35       EV: 14    Int: 38    God:    Vehumet [****..]
Gold:   988        SH:  0    Dex: 13    Spells: 30/45 levels left

rFire   . . .      SeeInvis +   N - +5 trident "Wyrphun" {vorpal, *Rage rC- Int+9 SInv}
rCold   x . .      Faith    .   (no shield)
rNeg    . . .      Spirit   .   A - +0 steam dragon scales
rPois   .          Reflect  .   b - +2 hat {Stlth+}
rElec   .          Harm     .   M - scarf {+Inv}
rCorr   .          Rampage  .   H - +0 pair of gloves
Will    +....      Rage     20% (no boots)
Stlth   ..........              p - amulet of the acrobat
HPRegen 0.28/turn               (no ring)
MPRegen 0.24/turn               (no ring)

@: berserking (expiring), studying Dodging, very quick
A: sense surroundings 1, wild magic 1, evolution 1, sturdy frame 1
a: Renounce Religion, Evoke Invisibility


You were on level 14 of the Dungeon.
You worshipped Vehumet.
Vehumet was greatly pleased with you.
You visited 2 branches of the dungeon, and saw 15 of its levels.
You also visited: Sewer and Bailey.

You collected 988 gold pieces.

Inventory:

Hand Weapons
 f - a +0 arbalest
 j - the +3 dagger "Kaof" {vorpal, +Blink rC+ Int-2}
   (You took it off a gnoll on level 2 of the Dungeon)

   It inflicts extra damage upon your enemies.
   Int:       It affects your intelligence (-2).
   rC:        It protects you from cold.
   +Blink:    It lets you blink.
 B - the +12 pair of quick blades "Gyre" and "Gimble" {protect}
   (You found it on level 7 of the Dungeon)

   It grants its wielder temporary protection when it strikes (+7 to AC).
 N - the +5 trident "Wyrphun" (weapon) {vorpal, *Rage rC- Int+9 SInv}
   (You found it on level 12 of the Dungeon)

   It inflicts extra damage upon your enemies.
   Int:       It affects your intelligence (+9).
   rC:        It makes you vulnerable to cold.
   SInv:      It lets you see invisible.
   *Rage:     It berserks you when you make melee attacks (+20% chance).
Armour
 b - a +2 hat of stealth (worn)
 A - +0 steam dragon scales (worn)
 H - a +0 pair of gloves (worn)
 M - a scarf of invisibility (worn)
Magical Staves
 a - a staff of fire
Jewellery
 p - an amulet of the acrobat (around neck)
Wands
 m - a wand of roots (1)
 o - a wand of flame (43)
 J - a wand of digging (3)
 O - a wand of charming (5)
Scrolls
 d - 5 scrolls of immolation {unknown}
 e - 3 scrolls of enchant weapon
 i - a scroll of magic mapping {unknown}
 k - 2 scrolls of noise {unknown}
 l - a scroll of poison {unknown}
 n - 9 scrolls of teleportation
 r - 3 scrolls of vulnerability
 s - 4 scrolls of blinking
 w - 3 scrolls of fear {unknown}
 x - 3 scrolls of enchant armour {unknown}
 y - a scroll of brand weapon {unknown}
 E - a scroll of fog {unknown}
 F - 2 scrolls of acquirement {unknown}
 Q - a scroll of identify
Potions
 c - a potion of brilliance
 g - a potion of invisibility {unknown}
 h - 10 potions of curing
 q - 5 potions of lignification
 t - a potion of resistance {unknown}
 u - 3 potions of attraction {unknown}
 v - 5 potions of haste
 z - 5 potions of heal wounds {unknown}
 C - a potion of cancellation {unknown}
 D - 2 potions of degeneration {unknown}
 I - a potion of magic
 K - a potion of berserk rage {unknown}
 P - a potion of ambrosia {unknown}
Miscellaneous
 G - a box of beasts
 L - a phial of floods


   Skills:
 * Level 5.3 Fighting
 + Level 5.6 Dodging
 + Level 4.4 Stealth
 + Level 16.6 Spellcasting
 + Level 14.3 Conjurations
 - Level 8.3 Translocations
 * Level 9.8 Fire Magic


You had 30 spell levels left.
You knew the following spells:

 Your Spells              Type           Power      Damage    Failure   Level
a - Magic Dart            Conj           100%       1d8       1%          1
b - Searing Ray           Conj           100%       2d8       1%          2
c - Iskenderun's Mystic   Conj/Tloc      100%       2d19      1%          4
d - Fireball              Conj/Fire      51%        3d20      1%          5
e - Dazzling Flash        Conj/Hex       100%       N/A       1%          3

Your spell library contained the following spells:

 Spells                   Type           Power      Damage    Failure   Level
 Static Discharge         Conj/Air       84%        3-14/arc  1%          2
 Ignite Poison            Fire/Tmut/Pois 65%        N/A       1%          3
 Mephitic Cloud           Conj/Pois/Air  73%        N/A       1%          3
 Fulminant Prism          Conj/Hex       42%        3d20      1%          4
 Sticky Flame             Conj/Fire      100%       2d11      1%          4
 Freezing Cloud           Conj/Ice/Air   36%        6-21      1%          5
 Starburst                Conj/Fire      51%        6d14      1%          6
 Ensorcelled Hibernation  Hex/Ice        82%        N/A       3%          2
 Passwall                 Tmut/Erth      34%        N/A       3%          2
 Swiftness                Air            41%        N/A       5%          3
 Summon Forest            Summ/Tloc      35%        N/A       9%          5
 Dispel Undead            Necr           41%        3d16      16%         4
 Summon Mana Viper        Hex/Summ       41%        N/A       36%         5
 Ignition                 Fire           47%        3d13      36%         8
 Summon Cactus Giant      Summ           20%        N/A       89%         6


Dungeon Overview and Level Annotations

Branches:
Dungeon (14/15)            Temple (1/1) D:7            Lair (0/5) D:10
    Orc (0/2) D:11         Vaults (0/5) D:13          Sewer (visited)
 Bailey (visited)

Altars:
Ashenzari
Cheibriados
Dithmenos
Elyvilon
Fedhas
Gozag
Hepliaklqana
Kikubaaqudgha
Makhleb
Nemelex Xobeh
Okawaru
Qazlal
Ru
Sif Muna
Trog
Uskayaw
Vehumet
Wu Jian
Xom
Yredelemnul
Zin
The Shining One

Shops:
D:7 (

Portals:
Trove: D:13 (give 4 scrolls of fear)

Annotations:
D:12 Rupert


Innate Abilities, Weirdness & Mutations

You passively map a small area around you.
Your spells are a little harder to cast, but a little more powerful.
You have hidden genetic potential.
Your movements are slightly less encumbered by armour. (ER -2)


Message History

Aiming: Searing Ray (safe; 1% risk of failure)
Press: ? - help, Shift-Dir - straight line, f/p - white ugly thing
Aim: a white ugly thing (severely wounded, 83% to hit)
The searing ray hits the white ugly thing!
The white ugly thing is almost dead. (Press . to maintain the ray.)
The white ugly thing gurgles horribly!
Without enough magic to sustain it, your searing ray dissipates.
A red film seems to cover your vision as you go berserk!
You feel yourself moving faster!
You feel mighty!
You barely miss the white ugly thing.
The white ugly thing is almost dead.
The white ugly thing punches you but does no damage.
You barely miss the white ugly thing.
The white ugly thing is almost dead.
The white ugly thing closely misses you.
You puncture the white ugly thing!
You kill the white ugly thing!
Vehumet accepts your kill.
You hit the white ugly thing.
The white ugly thing is lightly wounded.
The white ugly thing completely misses you.
You puncture the white ugly thing!
The white ugly thing is lightly wounded.
The white ugly thing bites you! The white ugly thing freezes you!!
You feel a terrible chill!
You hit the white ugly thing.
The white ugly thing is moderately wounded.
The white ugly thing bites you but does no damage.
You hit the white ugly thing.
The white ugly thing is moderately wounded.
The white ugly thing bites you! The white ugly thing freezes you!!
You feel a terrible chill!
* * * LOW HITPOINT WARNING * * *
You hit the white ugly thing.
The white ugly thing is moderately wounded.
The white ugly thing bites you!
* * * LOW HITPOINT WARNING * * *
The white ugly thing freezes you!!
You feel a terrible chill!
You die...

#### #..# #..#
###..# #.@.## #
###u### .. #...#
#.#### #####†#.#
,...###)......# *
* *
#####.##......###
.........###### ,
, )...u.#.....#**
, ,
)####...###...# *
,


You could see a white ugly thing.

Vanquished Creatures
  Gastronok (D:8)
  A boulder beetle (D:12)
  2 hydras
  7 two-headed ogres
  An ogre mage (D:14)
  Nergalle (D:12)
  An orc knight (Bailey)
  2 necromancers (D:13)
  2 manticores
  2 cyclopes
  4 ugly things (D:14)
  3 deep elf pyromancers
  A salamander (shapeshifter) (D:13)
  Psyche (D:8)
  A gargoyle (D:11)
  2 unseen horrors (D:11)
  6 kobold demonologists
  A yaktaur (shapeshifter) (D:14)
  3 unseen horror zombies (D:9)
  2 komodo dragons
  2 trolls
  2 shadows
  A spriggan (D:7)
  2 wraiths
  2 basilisks
  14 yaks
  3 steam dragons
  7 vampire mosquitoes
  Menkaure (D:4)
  2 acid dragons
  A water moccasin (D:7)
  5 black bears
  4 ogres
  11 orc warriors
  4 sky beasts
  4 boggarts (D:14)
  A phantom (D:5)
  6 centaurs
  7 kobold brigands
  A gnoll sergeant (D:8)
  6 bullfrogs
  2 necrophages
  3 scorpions
  7 wights
  4 killer bees (D:7)
  5 howler monkeys
  8 electric eels (D:13)
  2 centaur zombies (D:9)
  2 hounds (D:6)
  4 orc priests
  A gnoll bouda (D:4)
  3 jellies (D:5)
  6 iguanas
  7 orc wizards
  A killer bee zombie (D:9)
  3 howler monkey zombies (D:9)
  14 adders
  12 gnolls
  5 river rats
  2 shadow imps
  3 ufetubi
  3 worms (D:6)
  4 dart slugs
  42 orcs
  23 ball pythons
  10 endoplasms
  6 giant cockroaches
  8 hobgoblins
  4 jackals (D:4)
  6 quokkas
  5 bats
  8 frilled lizards
  5 goblins (D:1)
  32 kobolds
  33 rats
413 creatures vanquished.

Vanquished Creatures (others)
  6 plants (D:7)
6 creatures vanquished.

Grand Total: 419 creatures vanquished

Notes
Turn   | Place    | Note
-------+----------+-------------------------------------------
     0 | D:1      | leavemydog the Deep Elf Conjurer began the quest for the
                  | Orb.
     0 | D:1      | Reached XP level 1. HP: 10/10 MP: 6/6
   274 | D:1      | Reached XP level 2. HP: 15/15 MP: 5/8
   277 | D:1      | Learned a level 2 spell: Searing Ray
   408 | D:1      | Reached skill level 5 in Conjurations
   799 | D:1      | Found a faded altar of an unknown god.
   928 | D:1      | Reached XP level 3. HP: 19/19 MP: 7/9
   968 | D:1      | You fall into a shaft and drop 1 floor!
  1188 | D:2      | Reached XP level 4. HP: 24/24 MP: 6/11
  1193 | D:2      | Learned a level 4 spell: Iskenderun's Mystic Blast
  1294 | D:2      | Identified the +3 dagger "Kaof" {vorpal, +Blink rC+ Int-2}
  1499 | D:2      | Reached skill level 4 in Spellcasting
  2091 | D:1      | Reached skill level 1 in Translocations
  2692 | D:3      | Reached XP level 5. HP: 28/28 MP: 4/13
  3546 | D:4      | Noticed Menkaure
  3554 | D:4      | Killed Menkaure
  3555 | D:4      | Reached skill level 5 in Spellcasting
  3555 | D:4      | Reached XP level 6. HP: 8/32 MP: 4/16
  4407 | D:4      | Reached skill level 6 in Spellcasting
  4490 | D:4      | Reached XP level 7. HP: 36/36 MP: 13/18
  5243 | D:5      | Entered Level 5 of the Dungeon
  5369 | D:5      | Reached skill level 7 in Spellcasting
  5688 | D:5      | Found a burning altar of Makhleb.
  5900 | D:5      | Reached skill level 8 in Spellcasting
  5900 | D:5      | Reached XP level 8. HP: 31/41 MP: 11/22
  6282 | D:6      | Found a glowing drain.
  6338 | Sewer    | Entered a sewer
  7060 | Sewer    | Reached skill level 9 in Spellcasting
  8093 | D:6      | Reached skill level 10 in Spellcasting
  8093 | D:6      | Reached skill level 5 in Translocations
  8404 | D:6      | Reached XP level 9. HP: 42/45 MP: 19/25
  8894 | D:7      | Found a staircase to the Ecumenical Temple.
  8900 | D:7      | Reached skill level 1 in Fire Magic
  8934 | Temple   | Entered the Ecumenical Temple
  9070 | Temple   | Became a worshipper of Vehumet
  9129 | D:7      | Found an ornate altar of the Wu Jian Council.
  9519 | D:7      | Reached skill level 11 in Spellcasting
  9648 | D:7      | Reached skill level 10 in Conjurations
  9661 | D:7      | Reached * piety under Vehumet
  9661 | D:7      | Offered knowledge of Foxfire by Vehumet.
 10075 | D:7      | Found Ycsesa's Weapon Shop.
 10286 | D:7      | Noticed a two-headed ogre
 10286 | D:7      | Noticed a two-headed ogre
 10295 | D:7      | Learned a level 5 spell: Fireball
 10656 | D:7      | Killed a two-headed ogre
 10657 | D:7      | Reached skill level 12 in Spellcasting
 10657 | D:7      | Reached XP level 10. HP: 50/50 MP: 22/28
 10657 | D:7      | Killed a two-headed ogre
 10700 | D:7      | Found the +12 pair of quick blades "Gyre" and "Gimble"
                  | {protect}
 10716 | D:7      | Learned a level 3 spell: Dazzling Flash
 10908 | D:8      | Found a snail-covered altar of Cheibriados.
 10925 | D:8      | Noticed Psyche
 10931 | D:8      | Killed Psyche
 10960 | D:8      | Found a bloodstained altar of Trog.
 11013 | D:8      | Noticed a two-headed ogre
 11015 | D:8      | Noticed a sixfirhy
 11094 | D:8      | Noticed a sun demon
 11099 | D:8      | Reached skill level 13 in Spellcasting
 11248 | D:8      | Killed a two-headed ogre
 11440 | D:8      | Noticed Gastronok
 11451 | D:8      | Reached ** piety under Vehumet
 11456 | D:8      | Killed Gastronok
 11456 | D:8      | Offered knowledge of Scorch by Vehumet.
 11457 | D:8      | Reached skill level 5 in Fire Magic
 11580 | D:8      | Found a flagged portal.
 11590 | Bailey   | Entered a bailey
 11885 | Bailey   | Noticed an orc knight
 11907 | Bailey   | Killed an orc knight
 11908 | Bailey   | Reached XP level 11. HP: 54/54 MP: 5/30
 12150 | Bailey   | Reached skill level 14 in Spellcasting
 12341 | Bailey   | Found a bloodstained altar of Trog.
 12363 | Bailey   | Gained mutation: You have a pair of small horns on your
                  | head. [potion of mutation]
 12364 | Bailey   | Lost mutation: You have a pair of small horns on your head.
                  | [potion of mutation]
 12364 | Bailey   | Gained mutation: You passively map a small area around you.
                  | [potion of mutation]
 12364 | Bailey   | Gained mutation: You have hidden genetic potential. [potion
                  | of mutation]
 12364 | Bailey   | Gained mutation: You have great hidden genetic potential.
                  | [potion of mutation]
 12593 | D:8      | Reached skill level 1 in Fighting
 12594 | D:8      | Offered knowledge of Inner Flame by Vehumet.
 12944 | D:8      | Noticed a two-headed ogre
 12954 | D:8      | Killed a two-headed ogre
 13176 | D:9      | Reached *** piety under Vehumet
 14032 | D:9      | Found a basalt altar of Yredelemnul.
 14421 | D:10     | Entered Level 10 of the Dungeon
 14627 | D:10     | Found a glowing silver altar of Zin.
 14694 | D:10     | Found a staircase to the Lair.
 14859 | D:10     | Offered knowledge of Conjure Flame by Vehumet.
 15317 | D:11     | Reached skill level 15 in Spellcasting
 16122 | D:11     | Reached XP level 12. HP: 48/64 MP: 22/33
 16216 | D:11     | Found a staircase to the Orcish Mines.
 16576 | D:12     | Noticed Nergalle
 16582 | D:12     | Killed Nergalle
 16601 | D:12     | Gained mutation: Your spells are a little harder to cast,
                  | but a little more powerful. [hidden potential]
 16871 | D:12     | Noticed a boulder beetle
 16874 | D:12     | Killed a boulder beetle
 16874 | D:12     | Reached **** piety under Vehumet
 17117 | D:12     | Offered knowledge of Mephitic Cloud by Vehumet.
 17359 | D:12     | Noticed a five-headed hydra
 17362 | D:12     | Killed a five-headed hydra
 17603 | D:12     | Noticed Rupert
 17610 | D:12     | Paralysed by Rupert for 5 turns
 17729 | D:12     | Identified the +5 trident "Wyrphun" {vorpal, *Rage rC-
                  | Int+9 SInv}
 18125 | D:13     | Noticed a two-headed ogre
 18126 | D:13     | Killed a two-headed ogre
 18127 | D:13     | Reached skill level 16 in Spellcasting
 18176 | D:13     | Found a gate to the Vaults.
 18235 | D:13     | Found a blossoming altar of Fedhas.
 18619 | D:13     | Noticed a six-headed hydra
 18623 | D:13     | Killed a six-headed hydra
 18806 | D:13     | Identified the +6 hand axe of Qephiwys {flame, rCorr}
 18849 | D:13     | Reached skill level 5 in Dodging
 19256 | D:13     | Found a portal to a secret trove of treasure.
 19471 | D:14     | Reached skill level 5 in Fighting
 19545 | D:14     | Noticed a two-headed ogre
 19548 | D:14     | Noticed an ogre mage
 19550 | D:14     | Killed a two-headed ogre
 19552 | D:14     | Paralysed by an ogre mage for 4 turns
 19556 | D:14     | Noticed a two-headed ogre
 19557 | D:14     | Reached XP level 13. HP: 72/72 MP: 19/35
 19565 | D:14     | Gained mutation: Your movements are slightly less
                  | encumbered by armour. (ER -2) [hidden potential]
 19565 | D:14     | Lost mutation: You have great hidden genetic potential.
                  | [hidden potential expressed]
 19728 | D:14     | Mangled by a white ugly thing

Illustrated notes

Levels and vault maps discovered:
D:1:      dpeg_arrival_concentric_ovals, layout_rooms, serial_co_window_serial,
          co_window_corner_a, co_window_paths_a, co_window_corner_a,
          co_window_paths_b, co_window_of_opportunity_a, co_window_paths_a,
          co_window_paths_b, co_window_paths_b, co_window_corner_a,
          co_window_corner_ca, co_window_broadway_b, co_window_2corner,
          co_window_paths_e, glass_columns_b, glass_columns_c,
          ebering_ecumenical_altar_hall, minmay_misc_feat_diagonals
D:2:      layout_loops_ring, minmay_tiny_reverse_x
D:3:      layout_loops_ring
D:4:      layout_basic, chequers_serial_rivers_micro_e, minmay_misc_feat_square,
          st_stairs_7, uniq_menkaure
D:5:      layout_rooms, old_standard_altar, nrook_campfire
D:6:      layout_basic, lightli_sewer_entry_pipes, minmay_manual_monstrance,
          uniq_maggie
D:7:      layout_loops_ring, mainiacjoe_overflow_cross_hatched,
          minmay_temple_entry_mist, serial_shops, shop,
          hellmonk_guarded_unrand_gyre_and_gimble
D:8:      cheibrodos_iron_armory, layout_cave_pools, cheibriados_altar_1,
          old_standard_altar, enter_bailey_2, corexii_checkpoint_a, uniq_psyche,
          uniq_gastronok
D:9:      layout_gridville, nicolae_yredelemnul_corpse_copse,
          minmay_misc_feat_secret_circle, chequers_serial_rivers_marsh
D:10:     layout_basic, lemuel_crystal_altar, lair_entry_dummy,
          hangedman_misty_isle
D:11:     layout_cave_pools, david_orc_2
D:12:     layout_loops_ring, minmay_increasing_density, uniq_rupert,
          uniq_nergalle
D:13:     layout_basic, david_vaults_1, nicolae_trove_entry_crystal,
          fedhas_altar_fruit_tree
D:14:     layout_rooms, serial_shops, shop, hex_medium, minmay_crystal_box
Temple:   nicolae_temple_slightly_damp_pantheon

Skill      XL: |  1  2  3  4  5  6  7  8  9 10 11 12 |
---------------+-------------------------------------+-----
Conjurations   | 5 6 7 8 9 10 11 13 14 | 14.3
Spellcasting   | 4 5 6 8 10 12 13 15 16 | 16.6
Translocations | 1 2 3 5 6 7 8 |  8.3
Fire Magic     | 3 5 7 9 |  9.8
Fighting       | 3 5 |  5.3
Dodging        | 3 5 |  5.6
Stealth        | 3 4 |  4.4

Action                   |  1- 3 |  4- 6 |  7- 9 | 10-12 | 13-15 || total
-------------------------+-------+-------+-------+-------+-------++-------
Melee: Dagger            |       |       |     3 |       |       ||     3
       Pair of quick bla |       |       |       |     9 |       ||     9
       Trident           |       |       |       |       |     8 ||     8
 Cast: Magic Dart        |    65 |   125 |   268 |   185 |       ||   643
       Searing Ray       |       |     4 |    45 |    44 |     1 ||    94
       Iskenderun's Myst |       |       |     2 |    45 |     2 ||    49
       Fireball          |       |       |     1 |   108 |    11 ||   120
       Dazzling Flash    |       |       |       |     2 |       ||     2
Evoke: Wand              |       |       |       |     7 |       ||     7
  Use: Potion            |       |       |     5 |     3 |       ||     8
       Scroll            |       |       |     3 |     4 |       ||     7
 Stab: Sleeping          |       |       |       |     1 |       ||     1
Armor: Robe              |       |     1 |     3 |       |       ||     4
       Skin              |       |       |    29 |       |       ||    29
       Steam dragon scal |       |       |       |    40 |     4 ||    44
Dodge: Dodged            |     1 |    11 |    78 |   110 |     3 ||   203
